 Dungeon Crawl Stone Soup version 0.24.0-41-g2ae2f7f1be (webtiles) character file.

Game seed: 11438692852752276243, levelgen mode: deterministic

59 Gwanngwann the Grave Robber (level 4, -2/33 HPs)
             Began as a Ghoul Necromancer on Dec 13, 2019.
             Slain by a bullfrog (3 damage)
             ... on level 2 of the Dungeon.
             The game lasted 00:17:04 (2107 turns).

Gwanngwann the Grave Robber (Ghoul Necromancer)     Turns: 2107, Time: 00:17:04

Health: -2/33      AC:  2    Str: 11    XL:     4   Next: 3%
Magic:  1/6        EV: 12    Int: 10    God:
Gold:   158        SH:  0    Dex: 10    Spells: 6/7 levels left

rFire    . . .     SeeInvis .   h - +0 dagger
rCold    + . .     Gourm    .   (no shield)
rNeg     + + +     Faith    .   a - +0 robe
rPois    ∞         Spirit   .   (no helmet)
rElec    .         Reflect  .   (no cloak)
rCorr    .         Harm     .   (no gloves)
MR       .....                  (no boots)
Stlth    ++........             (no amulet)
HPRegen  0.00/turn              l - ring of wizardry
MPRegen  0.10/turn              (no ring)

@: very slightly contaminated, rotting
A: rotting body, claws 1, carnivore, cold resistance 1, negative energy
resistance 3, inhibited regeneration, torment resistance, unbreathing
a: no special abilities


You were on level 2 of the Dungeon.
You were not hungry.

You visited 1 branch of the dungeon, and saw 3 of its levels.

You collected 158 gold pieces.

Inventory:

Hand Weapons
 d - a +0 hunting sling
 h - a +0 dagger (weapon)
 q - a +0 mace
 s - a +0 spear
Missiles
 b - 23 arrows
Armour
 a - a +0 robe (worn)
 m - a +0 robe
 o - a +0 ring mail
Jewellery
 i - an uncursed ring of protection from cold
 l - a ring of wizardry (left claw)
 w - an uncursed ring of poison resistance
Scrolls
 k - a scroll of enchant armour
 p - a scroll of remove curse
Potions
 e - a potion of curing
 f - a potion of ambrosia
 g - 2 potions of degeneration {unknown}
 n - a potion of heal wounds {unknown}
 r - a potion of haste {unknown}
 t - a potion of brilliance {unknown}
 u - a potion of magic {unknown}
 v - a potion of flight {unknown}
Comestibles
 c - 2 rations
 j - 2 chunks of flesh


   Skills:
 + Level 0.8 Short Blades
 + Level 1.8 Dodging
 + Level 2.6 Stealth
 + Level 0.1 Unarmed Combat
 + Level 2.4 Spellcasting
 + Level 4.6 Necromancy


You had 6 spell levels left.
You knew the following spells:

 Your Spells              Type           Power        Failure   Level  Hunger
a - Pain                  Necr           ##..         1%          1    ##.....

Your spell library contained the following spells:

 Spells                   Type           Power        Failure   Level  Hunger
 Animate Skeleton         Necr           N/A          1%          1    ##.....
 Vampiric Draining        Necr           ##........   6%          3    ####...
 Regeneration             Chrm/Necr      #.........   14%         3    ####...
 Animate Dead             Necr           N/A          17%         4    #####..


Dungeon Overview and Level Annotations

Branches:
Dungeon (3/15)

Altars:
Hepliaklqana
Ru


Innate Abilities, Weirdness & Mutations

Your body is rotting away.
You thrive on raw meat.
You are immune to poison.
You have sharp fingernails.
You are carnivorous and can eat meat at any time.
Your flesh is cold resistant. (rC+)
You are immune to negative energy. (rN+++)
You do not regenerate when monsters are visible.
You are immune to unholy pain and torment.
You can survive without breathing.


Message History

The bullfrog writhes in agony.
The bullfrog releases a deep croak.
The bullfrog misses you. x2
Casting: Pain (safe; 1% risk of failure)
Confirm with . or Enter, or press ? or * to list all spells.
Aiming: Pain (safe; 1% risk of failure)
Press: ? - help, Shift-Dir - straight line, f/p - bullfrog
Aim: a bullfrog (heavily wounded, chance to defeat MR: 63%)
The bullfrog resists with significant effort.
The bullfrog hits you.
* * * LOW HITPOINT WARNING * * *
Casting: Pain (safe; 1% risk of failure)
Confirm with . or Enter, or press ? or * to list all spells.
Aiming: Pain (safe; 1% risk of failure)
Press: ? - help, Shift-Dir - straight line, f/p - bullfrog
Aim: a bullfrog (heavily wounded, chance to defeat MR: 63%)
You miscast Pain.
You are very lightly contaminated with residual magic.
You feel very uncomfortable. The bullfrog hits you.
You die...

#.# #...........##.# #.# #.#
#.#####....###.# #.# #.####.#
####.# #.# #.# #.#....# ####.#
#.####.# #.#.########.##.#
#...##.#
#.........).#.#.#####.##.#
#############.#...#...####.##.#
........# #...F..#.#.##.#.#.#
.#...#..# #..#@.)......###..#
......._# ##.#.....#.##.#.#.#
÷#...#..### #.........###.##.#
........#.####...#.........##.#
#########.÷....#...#.#........#
....# #...#######....##########
##### ##.#########.#.#
#...........#.# #############.#


You could see a bullfrog.

Vanquished Creatures
  An adder (D:2)
  An ooze (D:2)
  A worm (D:2)
  2 dart slugs
  A leopard gecko (D:2)
  6 bats
  A giant cockroach (D:2)
  6 goblins
  7 hobgoblins
  4 frilled lizards
  2 kobolds (D:1)
  7 rats
39 creatures vanquished.

Notes
Turn   | Place    | Note
-------+----------+-------------------------------------------
     0 | D:1      | Gwanngwann the Ghoul Necromancer began the quest for the
                  | Orb.
     0 | D:1      | Reached XP level 1. HP: 14/14 MP: 2/2
   125 | D:1      | Reached XP level 2. HP: 7/20 MP: 1/3
  1119 | D:1      | Reached XP level 3. HP: 26/26 MP: 1/5
  1269 | D:2      | Found a sacrificial altar of Ru.
  1512 | D:2      | Found a hazy altar of Hepliaklqana.
  1641 | D:2      | Reached XP level 4. HP: 22/33 MP: 2/6
  2089 | D:3      | Noticed a bullfrog
  2106 | D:2      | HP: 1/33 [bullfrog (3)]
  2107 | D:2      | Slain by a bullfrog

Levels and vault maps discovered:
D:1:      mushboom_english_gardens, layout_basic, roderic_serpentine_path
D:2:      layout_loops_ring, lemuel_coloured_pillars_altar,
          nicolae_ru_sacrificial_ziggurat
D:3:      layout_loops_cross, grunt_temple_overflow_open, first_ration,
          nemelex_diamond_rough_becter

Skill      XL: |  1  2 |
---------------+-------+-----
Spellcasting   | 2 |  2.4
Short Blades   | |  0.8
Dodging        | |  1.8
Stealth        | |  2.6
Unarmed Combat | |  0.1
Necromancy     | |  4.6

Action                   |  1- 3 |  4- 6 || total
-------------------------+-------+-------++-------
Melee: Unarmed           |    18 |       ||    18
       Dagger            |    50 |    16 ||    66
 Cast: Pain              |    56 |     7 ||    63
  Use: Scroll            |     7 |     3 ||    10
  Eat: Chunk             |     5 |     4 ||     9
       Ration            |     1 |       ||     1
Armor: Robe              |    11 |     1 ||    12
Dodge: Dodged            |    47 |    15 ||    62
